 Dungeon Crawl Stone Soup version 0.19.5 (webtiles) character file.

914 Rozenbaumfricks the Slasher (level 7, 0/49 HPs)
             Began as a Demonspawn Fighter on Apr 19, 2017.
             Slain by an ice beast (4 damage)
             ... on level 5 of the Dungeon.
             The game lasted 00:17:36 (4361 turns).

Rozenbaumfricks the Slasher (Demonspawn Fighter)    Turns: 4361, Time: 00:17:37

Health: 0/49       AC: 12    Str: 18    XL:     7   Next: 82%
Magic:  5/7        EV:  8    Int: 10    God:    Xom [..*...]
Gold:   190        SH:  9    Dex: 12    Spells: 0 memorised, 6 levels left

rFire  . . .     SeeInvis .     t - +0 falchion (elec)
rCold  . . .     Gourm    +     b - +0 scale mail
rNeg   + . .     Faith    .     c - +0 shield
rPois  .         Spirit   .     (helmet restricted)
rElec  .         Reflect  .     x - +0 cloak
rCorr  .         Harm     .     w - +0 pair of gloves (curse)
MR     .....                    (no boots)
Stlth  ++........               n - amulet of the gourmand
                                (no ring)
                                h - ring of positive energy

@: very slightly contaminated
A: horns 2, yellow scales 2, camouflage 1, blurry vision 1, frail 1,
nightstalker 1, MP-powered wands
a: Renounce Religion


You were on level 5 of the Dungeon.
You worshipped Xom.
You were a toy of Xom.
You were very full.

You visited 2 branches of the dungeon, and saw 6 of its levels.

You collected 190 gold pieces.

Inventory:

Hand Weapons
 t - a +0 falchion of electrocution (weapon)
Missiles
 s - 95 stones (quivered)
Armour
 b - a +0 scale mail (worn)
 c - a +0 shield (worn)
 w - a cursed +0 pair of gloves (worn)
 x - a +0 cloak (worn)
Jewellery
 h - a ring of positive energy (left hand)
 n - an amulet of the gourmand (around neck)
Wands
 p - a wand of random effects (20/48)
Scrolls
 a - 2 scrolls of remove curse
 d - a scroll of magic mapping
 i - a scroll of fear
 j - a scroll of recharging
 v - a scroll of immolation
 y - a scroll of amnesia
Potions
 u - a potion of flight
Comestibles
 f - 3 bread rations
 g - 4 meat rations
 q - 4 beef jerkies
 r - a royal jelly


   Skills:
 + Level 4.6 Fighting
 + Level 5.5 Long Blades
 + Level 3.8 Armour
 + Level 1.7 Dodging
 + Level 0.8 Stealth
 + Level 4.6 Shields


You had 6 spell levels left.
You didn't know any spells.

Dungeon Overview and Level Annotations

Branches:
Dungeon (5/15)             Temple (1/1) D:4

Altars:
Ashenzari
Cheibriados
Dithmenos
Elyvilon
Gozag
Hepliaklqana
Kikubaaqudgha
Makhleb
Nemelex Xobeh
Okawaru
Qazlal
Trog
Uskayaw
Vehumet
Xom
Yredelemnul
Zin

Annotations:
D:5 Grinder


Innate Abilities, Weirdness & Mutations

You have a pair of horns on your head.
You are mostly covered in yellow scales. (AC +3)
You are slightly more attuned to the shadows.
Your skin changes colour to match your surroundings (Stealth+).
Scrolls take you a little longer to read.
You are frail. (-10% HP)
You expend magic power (3 MP) to strengthen your wands.


Message History

Really read with blurry vision while enemies are nearby?
Uppercase [Y]es or [N]o only, please.
Really read with blurry vision while enemies are nearby?
Grinder hits you but does no damage.
You begin reading the scroll.
You continue reading the scroll.
You block Grinder's attack.
Blink to where?
Press: ? - help, Dir - move target cursor, p - Grinder You are very lightly contaminated with residual magic.
As you read the scroll of blinking, it crumbles to dust.
Grinder blinks!
An ice beast comes into view.
Grinder gestures at you.
You suddenly lose the ability to move!
You can move again.
Grinder gestures at you. You resist with significant effort.
The ice beast hits you.
You die...
Xom roars with laughter!

.#.# #.#.v##.##.........,,,,,
$..# #..........#..####.,,,,,
...#######.............# *,*****
...........#####Y#####.#* *,* ***
....##.##### #.####...#**,* *,*
....##.## #5.........,,***,*
...###..#*######.####...##*,,,,,*
..## ##.#,.....Y..# **,** *,***,*
#.# #.#,######@##***,****,***,*
#.* #.#,* #....#*,,,,,,,,,,* *,*
#.#,* ####.#**,,,,,***** *,*
#.#.# #.#**,***** *,+ #.#####.#.#
#.#*,*,******,* #.......#.#
#.#,***,,,,,,,* ######.Y#.#
#.#*,*,******** * #..#.# #<#**,**
* * #..#.#########.# *** *


You could see Grinder and 2 ice beasts.

Vanquished Creatures
  A bullfrog (D:5)
  A scorpion (D:4)
  A hound (D:3)
  2 orc priests
  6 orc wizards
  Crazy Yiuf (D:3)
  2 bullfrog skeletons
  Natasha (thrice) (D:3)
  Terence (D:2)
  5 worker ants (D:4)
  A hound skeleton (D:4)
  Robin (D:2)
  9 adders
  A shadow imp (D:4)
  An ooze (D:1)
  An adder skeleton (D:4)
  3 worms
  5 dart slugs
  A leopard gecko (D:4)
  15 orcs
  5 bats
  2 giant cockroaches (D:3)
  8 hobgoblins
  A jackal (D:3)
  A ball python (D:1)
  6 frilled lizards
  20 goblins
  9 kobolds
  9 rats
122 creatures vanquished.

Notes
Turn   | Place    | Note
-------+----------+-------------------------------------------
     0 | D:1      | Rozenbaumfricks the Demonspawn Fighter began the quest for the Orb.
     0 | D:1      | Reached XP level 1. HP: 18/18 MP: 1/1
    77 | D:1      | Reached skill level 2 in Long Blades
   182 | D:1      | Gained mutation: You have a pair of small horns on your head. [demonic ancestry]
   182 | D:1      | Reached XP level 2. HP: 24/24 MP: 2/2
   654 | D:1      | Gained mutation: You are slightly more attuned to the shadows. [demonic ancestry]
   654 | D:1      | Reached XP level 3. HP: 26/29 MP: 3/3
   672 | D:2      | Noticed Terence
   688 | D:2      | Killed Terence
   879 | D:2      | Found a burning altar of Makhleb.
  1293 | D:2      | Noticed Robin
  1300 | D:2      | Gained mutation: You are partially covered in yellow scales. (AC +2) [demonic ancestry]
  1300 | D:2      | Reached XP level 4. HP: 31/36 MP: 4/4
  1315 | D:2      | Killed Robin
  1315 | D:2      | Reached skill level 3 in Long Blades
  1806 | D:3      | Noticed Natasha
  1811 | D:3      | Killed Natasha
  1811 | D:3      | Reached XP level 5. HP: 24/42 MP: 5/5
  2239 | D:3      | Noticed Natasha
  2243 | D:3      | Killed Natasha
  2315 | D:3      | Reached skill level 4 in Long Blades
  2315 | D:3      | Gained mutation: You are mostly covered in yellow scales. (AC +3) [demonic ancestry]
  2315 | D:3      | Reached XP level 6. HP: 33/48 MP: 6/6
  2430 | D:3      | Noticed Natasha
  2431 | D:3      | Killed Natasha
  2619 | D:3      | Found a runed door.
  2623 | D:3      | Noticed Crazy Yiuf
  2627 | D:3      | Killed Crazy Yiuf
  2812 | D:3      | Found a faded altar of an unknown god.
  2815 | D:3      | Became a worshipper of Xom of Chaos
  2855 | D:3      | Reached skill level 1 in Dodging
  2980 | D:4      | XOM: harmless Tmut miscast
  2990 | D:4      | XOM: harmless Summ miscast
  3026 | D:4      | XOM: silly message
  3065 | D:4      | Reached XP level 7. HP: 37/54 MP: 7/7
  3292 | D:4      | Reached skill level 5 in Long Blades
  3389 | D:4      | Found a white marble altar of Elyvilon.
  3696 | D:4      | Found a staircase to the Ecumenical Temple.
  3698 | D:4      | XOM: harmless Tloc miscast
  3699 | D:4      | XOM: medium Chrm miscast
  3702 | Temple   | Entered the Ecumenical Temple
  3984 | D:5      | Entered Level 5 of the Dungeon
  4008 | D:5      | XOM: medium Chrm miscast
  4028 | D:5      | XOM: divination: magic mapping
  4052 | D:5      | XOM: cast spell 'Spider Form'
  4332 | D:5      | Noticed Grinder
  4333 | D:5      | Paralysed by Grinder for 5 turns
  4338 | D:5      | XOM: mild Tloc miscast
  4339 | D:5      | Noticed a spatial vortex
  4340 | D:5      | Gained mutation: You are frail. (-10% HP) [potion of mutation]
  4340 | D:5      | Gained mutation: You have a pair of horns on your head. [potion of mutation]
  4340 | D:5      | Gained mutation: You expend magic power (3 MP) to strengthen your wands. [potion of mutation]
  4341 | D:5      | Gained mutation: Scrolls take you a little longer to read. [potion of mutation]
  4341 | D:5      | Gained mutation: Your skin changes colour to match your surroundings (Stealth+). [potion of mutation]
  4358 | D:5      | Paralysed by Grinder for 2 turns
  4361 | D:5      | Slain by an ice beast

Skill      XL: |  1  2  3  4  5  6  7 |
---------------+----------------------+-----
Long Blades    | 2 3 4 5 |  5.5
Shields        | 3 4 |  4.6
Armour         | 3 |  3.8
Fighting       | 4 |  4.6
Dodging        | 1 |  1.7
Stealth        | |  0.8

Action                   |  1- 3 |  4- 6 |  7- 9 || total
-------------------------+-------+-------+-------++-------
Melee: Long sword        |   100 |   115 |       ||   215
       Headbutt          |    14 |    40 |    16 ||    70
       Falchion          |       |    95 |    69 ||   164
Evoke: Wand              |       |       |     1 ||     1
  Use: Potion            |     1 |       |     5 ||     6
       Scroll            |       |     5 |     7 ||    12
 Stab: Sleeping          |       |       |     1 ||     1
  Eat: Chunk             |     2 |    15 |     3 ||    20
Armor: Scale mail        |    42 |    79 |    32 ||   153
Dodge: Dodged            |    27 |    45 |    25 ||    97
Block: Shield            |    55 |    92 |    31 ||   178
       Rpst.: Long sword |    10 |    10 |       ||    20
       Falchion          |       |     7 |     9 ||    16
